 Dungeon Crawl Stone Soup version 0.28-a0-224-g76b539d98b (webtiles) character file.

Game seed: 13240262013021993476

7879 bande the Cleaver (level 11, -7/67 HPs)
             Began as a Gargoyle Fighter on Aug 21, 2021.
             Was an Elder of Okawaru.
             Mangled by a boulder beetle (16 damage)
             ... on level 9 of the Dungeon.
             The game lasted 00:23:03 (12435 turns).

bande the Cleaver (Gargoyle Fighter)               Turns: 12435, Time: 00:23:04

Health: -7/67      AC: 29    Str: 23    XL:     11   Next: 22%
Magic:  11/11      EV:  7    Int: 10    God:    Okawaru [****..]
Gold:   667        SH: 11    Dex: 10    Spells: 10/10 levels left

rFire   . . .      SeeInvis .   a - +1 war axe (protect)
rCold   . . .      Faith    .   c - +1 kite shield
rNeg    + + .      Spirit   .   d - +0 chain mail
rPois   ∞          Reflect  .   s - +0 hat {Will+}
rElec   +          Harm     .   o - +0 cloak
rCorr   .          Rampage  .   j - +0 pair of gloves
Will    +....                   w - +0 pair of boots
Stlth   ..........              (no amulet)
HPRegen 0.21/turn               e - ring of positive energy
MPRegen 0.12/turn               (no ring)

@: under a protective aura, flying
A: sickness immunity, AC +8, negative energy resistance 1, electricity
resistance, torment resistance 1, petrification resistance, big wings, talons 1,
strong 1, MP-powered wands
a: Renounce Religion, Heroism, Finesse


You were on level 9 of the Dungeon.
You worshipped Okawaru.
Okawaru was greatly pleased with you.
You visited 2 branches of the dungeon, and saw 11 of its levels.
You also visited: Sewer.

You collected 667 gold pieces.

Inventory:

Hand Weapons
 a - a +1 war axe of protection (weapon)
 n - a +0 war axe of draining
 u - a +5 flail of holy wrath
 C - a +1 battleaxe of flaming
Armour
 b - a +1 helmet
 c - a +1 kite shield (worn)
 d - a +0 chain mail (worn)
 j - a +0 pair of gloves (worn)
 o - a +0 cloak (worn)
 s - a +0 hat of willpower (worn)
 w - a +0 pair of boots (worn)
Jewellery
 e - a ring of positive energy (left hand)
 g - an amulet of magic regeneration
 A - a ring of fire
Wands
 i - a wand of charming (14)
 m - a wand of mindburst (9)
 y - a wand of flame (3)
Scrolls
 f - 3 scrolls of fog
 h - a scroll of enchant weapon
 k - 2 scrolls of fear
 q - a scroll of enchant armour
 t - 2 scrolls of amnesia
 v - a scroll of magic mapping
 B - a scroll of teleportation
Potions
 l - 4 potions of flight
 p - 3 potions of magic
 r - 2 potions of invisibility
 x - a potion of might


   Skills:
 + Level 7.0 Fighting
 + Level 9.9 Axes
 + Level 7.4 Armour
 + Level 2.8 Dodging
 + Level 8.0 Shields
 * Level 6.5 Evocations


You had 10 spell levels left.
You didn't know any spells.
Your spell library contained the following spells:

 Spells                   Type           Power      Damage    Failure   Level
 Static Discharge         Conj/Air       0%         N/A       100%        2
 Wereblood                Tmut           0%         N/A       100%        2
 Conjure Flame            Conj/Fire      0%         6-21      100%        3
 Gell's Gravitas          Tloc           0%         N/A       100%        3
 Ignite Poison            Fire/Tmut/Pois 0%         N/A       100%        3
 Ozocubu's Armour         Ice            0%         N/A       100%        3
 Teleport Other           Tloc           0%         N/A       100%        3
 Sticky Flame             Conj/Fire      0%         2d3       100%        4
 Lightning Bolt           Conj/Air       0%         1d11      100%        5
 Metabolic Englaciation   Hex/Ice        0%         N/A       100%        5
 Dispersal                Tloc           0%         N/A       100%        6
 Maxwell's Capacitive Co  Air            0%         ∞         100%        8
 Sublimation of Blood     Necr           Unusable   N/A       N/A         2
 Simulacrum               Ice/Necr       Unusable   N/A       N/A         6
 Summon Hydra             Summ           Unusable   N/A       N/A         7

Dungeon Overview and Level Annotations

Branches:
Dungeon (10/15)            Temple (1/1) D:6             Orc (0/2) D:10
  Sewer (visited)
   Lair: D:8-11

Altars:
Ashenzari
Cheibriados
Dithmenos
Elyvilon
Fedhas
Gozag
Hepliaklqana
Kikubaaqudgha
Makhleb
Nemelex Xobeh
Okawaru
Qazlal
Ru
Sif Muna
Trog
Uskayaw
Vehumet
Wu Jian
Xom
Yredelemnul
Zin
The Shining One

Annotations:
D:6 3 runed translucent doors, rabbitsville's ghost, novice MiBe


Innate Abilities, Weirdness & Mutations

You are immune to sickness and miasma.
Your stone body is resilient. (AC +8)
You are immune to poison.
You resist negative energy. (rN+)
You are resistant to electric shocks. (rElec)
You are resistant to unholy torment.
You are immune to petrification.
Your large and strong wings let you fly.
You have sharp toenails.
Your muscles are strong. (Str +2)
You expend magic power (3 MP) to strengthen your wands.


Message History

The phantom is severely damaged.
You block the phantom's attack.
The boulder beetle leaps!
You slash the phantom!
You destroy the phantom!
Okawaru accepts your kill.
Your Shields skill increases to level 8!
You start resting.
A boulder beetle is nearby!
A boulder beetle is nearby!
A boulder beetle is nearby!
A boulder beetle is nearby!
You hit the boulder beetle but do no damage.
Your weapon exudes an aura of protection.
The boulder beetle is lightly wounded.
The boulder beetle bites you but does no damage.
You hit the boulder beetle but do no damage.
The boulder beetle is lightly wounded.
The boulder beetle bites you.
The boulder beetle bites you but does no damage.
You hit the boulder beetle.
The boulder beetle is lightly wounded.
The boulder beetle leaps!
There is an open door here.
The boulder beetle waves its antennae.
A boulder beetle is nearby!
There is an open door here.
You slash the boulder beetle!
The boulder beetle is moderately wounded.
The boulder beetle bites you!
You hit the boulder beetle but do no damage.
The boulder beetle is moderately wounded.
The boulder beetle bites you!
* * * LOW HITPOINT WARNING * * *
You hit the boulder beetle but do no damage.
The boulder beetle is moderately wounded.
You block the boulder beetle's attack.
You hit the boulder beetle but do no damage.
The boulder beetle is moderately wounded.
The boulder beetle bites you!
You die...

#.# #.........
####'## ###....)....
#.....###.'...))....
#.....##..#.........
#>.[..#..##.........
#.....'.###.........
#.....### ##'#######
#..B..# #....##
###@### ####..# #..#
##.### ###.### #...#
#.....# ###.# #.....#
#######.# #.....#
#........ #.....#####
#........
#.........###........
#.))).###............


You could see a boulder beetle.

Vanquished Creatures
  Gastronok (D:8)
  Pikel (D:4)
  Joseph (D:8)
  Sigmund (D:3)
  A wraith (D:10)
  5 yaks (D:7)
  A steam dragon (D:8)
  Menkaure (D:5)
  Edmund (D:5)
  2 acid dragons
  Duvessa (D:7)
  4 ice beasts
  An orc warrior (D:9)
  2 sky beasts
  2 black bears
  2 centaurs
  2 ogres
  4 phantoms
  A lemure (D:4)
  5 kobold brigands
  A gnoll sergeant (D:9)
  2 bullfrogs (D:6)
  Dowan (D:7)
  4 scorpions
  2 wyvern skeletons
  4 killer bees
  8 wights
  2 centaur zombies
  3 orc priests
  A centaur skeleton (D:4)
  3 hounds (D:4)
  2 iguanas
  5 orc wizards
  A hound skeleton (D:4)
  2 howler monkey zombies
  Robin (D:3)
  11 gnolls
  6 adders
  A river rat (D:3)
  A shadow imp (D:5)
  2 white imps
  7 worms
  A dart slug (D:4)
  30 orcs
  13 endoplasms
  5 giant cockroaches
  19 goblins
  9 hobgoblins
  7 jackals
  20 kobolds
  5 quokkas
  6 ball pythons
  10 bats
  4 frilled lizards
  A goblin zombie (D:10)
  A hobgoblin zombie (D:10)
  4 orc zombies (D:10)
  14 rats
258 creatures vanquished.

Vanquished Creatures (collateral kills)
  A jelly (D:5)
1 creature vanquished.

Grand Total: 259 creatures vanquished

Notes
Turn   | Place    | Note
-------+----------+-------------------------------------------
     0 | D:1      | bande the Gargoyle Fighter began the quest for the Orb.
     0 | D:1      | Reached XP level 1. HP: 14/14 MP: 1/1
   202 | D:1      | Reached XP level 2. HP: 19/19 MP: 2/2
   462 | D:1      | Reached skill level 2 in Axes
   647 | D:1      | Reached XP level 3. HP: 18/23 MP: 3/3
   979 | D:2      | Found a faded altar of an unknown god.
  1502 | D:2      | Reached XP level 4. HP: 19/29 MP: 4/4
  2082 | D:3      | Reached skill level 3 in Axes
  2082 | D:3      | Reached XP level 5. HP: 26/33 MP: 5/5
  2103 | D:3      | Found a glowing drain.
  2109 | Sewer    | Entered a sewer
  2936 | D:3      | Gained mutation: Your muscles are strong. (Str +2) [potion
                  | of mutation]
  2936 | D:3      | Gained mutation: You have sharp toenails. [potion of
                  | mutation]
  2936 | D:3      | Gained mutation: Your large and strong wings let you fly.
                  | [potion of mutation]
  2936 | D:3      | Gained mutation: You expend magic power (3 MP) to
                  | strengthen your wands. [potion of mutation]
  3091 | D:3      | Noticed Sigmund
  3099 | D:3      | Killed Sigmund
  3100 | D:3      | Reached skill level 1 in Dodging
  3100 | D:3      | Reached skill level 1 in Evocations
  3100 | D:3      | Reached XP level 6. HP: 15/38 MP: 6/6
  3308 | D:3      | Noticed a black bear
  3316 | D:3      | Killed a black bear
  3317 | D:3      | Reached skill level 4 in Axes
  3450 | D:3      | Noticed Robin
  3456 | D:3      | Reached XP level 7. HP: 36/43 MP: 7/7
  3461 | D:3      | Killed Robin
  4208 | D:4      | Reached skill level 5 in Shields
  4229 | D:4      | Noticed Pikel
  4251 | D:4      | Killed Pikel
  4252 | D:4      | Reached skill level 5 in Axes
  4252 | D:4      | Reached XP level 8. HP: 19/48 MP: 8/8
  4856 | D:4      | Reached skill level 5 in Armour
  4952 | D:5      | Entered Level 5 of the Dungeon
  5062 | D:5      | Noticed Edmund
  5081 | D:5      | Killed Edmund
  5082 | D:5      | Reached skill level 6 in Axes
  5564 | D:5      | Noticed Menkaure
  5570 | D:5      | Killed Menkaure
  5571 | D:5      | Reached XP level 9. HP: 35/53 MP: 9/9
  6084 | D:5      | Reached skill level 5 in Fighting
  6186 | D:6      | Found a staircase to the Ecumenical Temple.
  6199 | Temple   | Entered the Ecumenical Temple
  6258 | Temple   | Became a worshipper of Warmaster Okawaru
  6371 | D:6      | Reached skill level 7 in Axes
  6668 | D:6      | Found a runed translucent gate.
  6668 | D:6      | Found a runed translucent gate.
  6668 | D:6      | Noticed rabbitsville's ghost (novice MiBe)
  6669 | D:6      | Found a runed translucent gate.
  7585 | D:7      | Noticed Duvessa
  7585 | D:7      | Noticed Dowan
  7597 | D:7      | Killed Duvessa
  7597 | D:7      | Reached * piety under Okawaru
  7603 | D:7      | Killed Dowan
  8400 | D:7      | Reached skill level 8 in Axes
  8400 | D:7      | Reached skill level 5 in Evocations
  8400 | D:7      | Reached XP level 10. HP: 44/60 MP: 10/10
  8420 | D:7      | Reached ** piety under Okawaru
  9489 | D:8      | Noticed Joseph
  9510 | D:8      | Killed Joseph
  9950 | D:8      | Noticed Gastronok
  9970 | D:8      | HP: 1/61 [Gastronok (9)]
 10338 | D:8      | Killed Gastronok
 10338 | D:8      | Reached *** piety under Okawaru
 10339 | D:8      | Reached skill level 9 in Axes
 10339 | D:8      | Reached XP level 11. HP: 30/66 MP: 6/11
 10563 | D:8      | Reached **** piety under Okawaru
 10875 | D:9      | Found a radiant altar of Vehumet.
 10877 | D:9      | Found a stormy altar of Qazlal.
 10900 | D:9      | Found a snail-covered altar of Cheibriados.
 10900 | D:9      | Found a glowing silver altar of Zin.
 11269 | D:10     | Entered Level 10 of the Dungeon
 12347 | D:10     | Noticed a boulder beetle
 12353 | D:10     | Found a staircase to the Orcish Mines.
 12398 | D:10     | HP: 2/67 [boulder beetle (20)]
 12435 | D:9      | Mangled by a boulder beetle

Illustrated notes

Levels and vault maps discovered:
D:1:      lightli_arrival_quake, layout_basic, minmay_rat_gold_closets
D:2:      layout_rooms, hellmonk_ecumenical_altar_slurped_away,
          minmay_goblin_outpost
D:3:      layout_loops_corners, lightli_sewer_entry_pipes, chequers_big_river,
          uniq_robin, uniq_sigmund
D:4:      layout_basic, kennysheep_generic_room_7, uniq_pikel
D:5:      layout_loops_corners, minivault_19, kennysheep_doodads,
          chequers_serial_rivers_marsh, st_stairs_1, uniq_menkaure, uniq_edmund
D:6:      layout_loops_ring, minmay_temple_entry_mist, gammafunk_ghost_split,
          lemuel_old_faithful
D:7:      layout_loops_corners, minmay_fractal_squares_gapless_5, uniq_duvessa
D:8:      layout_rooms, uniq_joseph, uniq_gastronok
D:9:      layout_roguey, gammafunk_temple_overflow_elements,
          nicolae_overflow_hidden_temple, solitary_fountain
D:10:     layout_basic, dpeg_lair_monsters, zombieorc2_lemuel,
          gammafunk_ghost_grave, uniq_snorg, uniq_grum
Temple:   compressed_dpeg_circular_temple

Skill      XL: |  1  2  3  4  5  6  7  8  9 10 11 |
---------------+----------------------------------+-----
Axes           | 2 3 4 5 6 8 9 |  9.9
Shields        | 4 5 6 7 8 |  8.0
Fighting       | 4 5 6 7 |  7.0
Armour         | 4 5 6 7 |  7.4
Dodging        | 1 2 |  2.8
Evocations     | 1 3 5 6 |  6.5

Action                   |  1- 3 |  4- 6 |  7- 9 | 10-12 || total
-------------------------+-------+-------+-------+-------++-------
Melee: War axe           |   131 |   156 |   319 |   387 ||   993
       Kick              |       |     3 |    37 |       ||    40
Evoke: Wand              |       |       |       |     2 ||     2
  Use: Scroll            |     4 |     1 |    10 |     3 ||    18
       Potion            |       |     4 |     1 |     8 ||    13
Armor: Scale mail        |    87 |   118 |       |       ||   205
       Chain mail        |       |     4 |   202 |   285 ||   491
Dodge: Dodged            |    36 |    66 |    84 |   124 ||   310
Block: Kite shield       |    89 |   111 |   190 |   261 ||   651

Table legend: (Time is in decaauts)
 A = Elapsed time spent in this place.
 B = Non-inter-level travel time spent in this place.
 C = Inter-level travel time spent in this place.
 D = Time resting spent in this place.
 E = Time spent auto-exploring this place.
 F = Levels seen in this place.
 G = Mean time per level.
                   A        B        C        D        E       F      G
               +--------+--------+--------+--------+--------+-----+--------+
         Total |  12956 |  12853 |    103 |   3195 |   6477 |  12 | 1079.7 |
       Dungeon |  11968 |  11865 |    103 |   3000 |   6073 |  10 | 1196.8 |
        Temple |     71 |     71 |      0 |      0 |     38 |   1 |   71.0 |
         Sewer |    916 |    916 |      0 |    195 |    366 |   1 |  916.0 |
               +--------+--------+--------+--------+--------+-----+--------+

Top non-repeatable levels by time:
     D:7: 2568 daAuts
     D:3: 1336 daAuts
     D:5: 1251 daAuts
     D:9: 1177 daAuts
     D:2: 1163 daAuts
     D:8: 1163 daAuts
     D:1: 952 daAuts
     D:4: 950 daAuts
     D:6: 934 daAuts
   Sewer: 916 daAuts
    D:10: 468 daAuts
  Temple: 71 daAuts
